 Dungeon Crawl Stone Soup version 0.27-a0-1529-g1e82c303ef (webtiles) character file.

Game seed: 16623481864271695797

52 hatdisgam the Vandal (level 3, -2/19 HPs)
             Began as a Vine Stalker Hunter on July 11, 2021.
             Frozen to death by an endoplasm (3 damage)
             ... on level 3 of the Dungeon.
             The game lasted 00:03:30 (2094 turns).

hatdisgam the Vandal (Vine Stalker Hunter)          Turns: 2094, Time: 00:03:31

Health: -2/19      AC:  6    Str: 15    XL:     3   Next: 85%
Magic:  0/4        EV:  9    Int: 11    God:
Gold:   44         SH:  0    Dex: 14    Spells: 2/2 levels left

rFire    . . .     SeeInvis .   a - +0 spear
rCold    . . .     Faith    .   (no shield)
rNeg     . . .     Spirit   +   g - +0 scale mail
rPois    .         Reflect  .   (no helmet)
rElec    .         Harm     .   (no cloak)
rCorr    +         Rampage  .   (no gloves)
Will     .....                  (no boots)
Stlth    ..........             (no amulet)
HPRegen  0.06/turn              i - ring of resist corrosion
MPRegen  0.09/turn              (no ring)

@: no status effects
A: fangs 2, magic shield, antimagic bite, no potion heal 2
a: no special abilities


You were on level 3 of the Dungeon.
You visited 1 branch of the dungeon, and saw 3 of its levels.

You collected 44 gold pieces.

Inventory:

Hand Weapons
 a - a +0 spear (weapon)
 b - a +1 hunting sling
 f - a +0 dagger
 k - a +0 short sword
Missiles
 d - 20 sling bullets
 h - 54 stones (quivered)
Armour
 c - a +0 leather armour
 g - a +0 scale mail (worn)
Jewellery
 i - a ring of resist corrosion (left hand)
Scrolls
 l - 3 scrolls of immolation {unknown}
 m - a scroll of amnesia {unknown}
 n - a scroll of teleportation {unknown}
Potions
 e - a potion of curing {unknown}
 j - 2 potions of heal wounds {unknown}


   Skills:
 + Level 2.8 Fighting
 + Level 4.3 Slings
 - Level 1.5 Dodging
 - Level 1.2 Stealth


You had 2 spell levels left.
You didn't know any spells.
Your spell library was empty.

Dungeon Overview and Level Annotations

Branches:
Dungeon (3/15)

Altars:

Shops:
D:1 *

Annotations:
D:3 Purgy


Innate Abilities, Weirdness & Mutations

You have extremely sharp teeth.
When hurt, damage is shared between your health and your magic reserves.
Your bite disrupts and absorbs the magic of your enemies.
Potions cannot restore your health.


Message History

You are too injured to fight recklessly!
Unknown command.
You are too injured to fight recklessly!
You are too injured to fight recklessly!
Unknown command.
You closely miss the adder.
The adder is heavily wounded.
You feel sick. The adder barely misses you.
The endoplasm jiggles.
The endoplasm misses you.
You miss the adder. You bite the adder. You drain its power.
You feel invigorated.
The adder is severely wounded.
You feel sick. The adder closely misses you. The endoplasm hits you.
The adder bites you.
* * * LOW HITPOINT WARNING * * *
Unknown command.
You closely miss the adder. You bite the adder, but do no damage.
The adder is severely wounded.
You feel sick. The endoplasm freezes you.
You are frozen.
* * * LOW HITPOINT WARNING * * *
The adder barely misses you.
You closely miss the adder. Your bite misses the adder.
The adder is severely wounded.
You feel sick. The adder bites you but does no damage.
The endoplasm freezes you.
You are frozen.
* * * LOW HITPOINT WARNING * * *
Unknown command.
You miss the adder. Your bite misses the adder.
The adder is severely wounded.
* * * LOW HITPOINT WARNING * * *
You feel sick.
You are no longer poisoned.
The adder completely misses you. The endoplasm freezes you.
You are frozen.
You die...

..# #≈≈ ≈≈# # ... #≈⌠
⌠≈# #.#.#####.# #≈. .≈#
#......##.# #≈.##.≈#
#.##.##.# #≈⌠..⌠≈
#....<†.## #≈≈..≈
#########......
#.###'S###.....# #.#####
#.....J@....##.###.#####
####.##.................
.. #.....#...##.##... ##
#....>#...##.###..
#.....#...........
##....>..###..####
######.####..#
######.......#
#######......>####.#


You could see an adder and an endoplasm.

Vanquished Creatures
  An adder (D:2)
  2 worms (D:2)
  An orc (D:3)
  4 bats
  An endoplasm (D:2)
  2 goblins
  4 hobgoblins (D:1)
  3 jackals (D:1)
  3 quokkas
  5 ball pythons
  4 frilled lizards (D:1)
  3 kobolds
  3 rats
36 creatures vanquished.

Notes
Turn   | Place    | Note
-------+----------+-------------------------------------------
     0 | D:1      | hatdisgam the Vine Stalker Hunter began the quest for the
                  | Orb.
     0 | D:1      | Reached XP level 1. HP: 11/11 MP: 2/2
    12 | D:1      | Found a faded altar of an unknown god.
   220 | D:1      | Reached XP level 2. HP: 15/15 MP: 3/3
   581 | D:1      | Reached skill level 4 in Slings
   607 | D:1      | Found Ymoukean's Assorted Antiques.
  1148 | D:2      | Reached XP level 3. HP: 19/19 MP: 4/4
  1964 | D:3      | Noticed Purgy
  2094 | D:3      | Frozen to death by an endoplasm

Illustrated notes

Levels and vault maps discovered:
D:1:      lightli_arrival_flooded_house, layout_basic, serial_shops,
          nicolae_shop_window_shopping, serial_rivers,
          chequers_serial_rivers_room_a, chequers_serial_rivers_micro_c,
          chequers_serial_rivers_room_b, chequers_serial_rivers_small_3,
          chequers_serial_rivers_micro_e, ebering_ecumenical_altar_petrified
D:2:      layout_basic
D:3:      layout_loops_cross, mainiacjoe_overflow_two_lobes,
          mainiacjoe_overflow_divided_tiny, portal_sewer_entry_d,
          kennysheep_generic_room_15, uniq_purgy, uniq_natasha

Skill      XL: |  1  2 |
---------------+-------+-----
Fighting       | 2 |  2.8
Slings         | 4 |  4.3
Dodging        | |  1.5
Stealth        | |  1.2

Action                   || total
-------------------------++-------
Melee: Dagger            ||    42
       Bite              ||    17
       Short sword       ||    18
       Spear             ||    19
 Fire: Hunting sling     ||    78
Armor: Scale mail        ||    35
       Leather armour    ||     3
Dodge: Dodged            ||    56

Table legend: (Time is in decaauts)
 A = Elapsed time spent in this place.
 B = Non-inter-level travel time spent in this place.
 C = Inter-level travel time spent in this place.
 D = Time resting spent in this place.
 E = Time spent auto-exploring this place.
 F = Levels seen in this place.
 G = Mean time per level.
                   A        B        C        D        E       F      G
               +--------+--------+--------+--------+--------+-----+--------+
         Total |   2092 |   1994 |     98 |      0 |   1695 |   3 |  697.3 |
       Dungeon |   2092 |   1994 |     98 |      0 |   1695 |   3 |  697.3 |
               +--------+--------+--------+--------+--------+-----+--------+

Top non-repeatable levels by time:
     D:1: 1028 daAuts
     D:2: 974 daAuts
     D:3: 89 daAuts
